 Seeded DCSS version 0.30.1-11-g7821555f0a (webtiles) character file.

Game seed: 5 (custom seed)

647 Kazon the Cutter (level 7, 0/42 HPs)
             Began as a Vampire Fighter on Dec 5, 2023.
             Was an Initiate of Makhleb.
             Slain by an iguana (6 damage)
             ... on level 5 of the Dungeon on Dec 6, 2023.
             The game lasted 00:11:36 (3000 turns).

Kazon the Cutter (Vampire Fighter)                  Turns: 3000, Time: 00:11:37

Health: 0/42       AC:  8    Str: 15    XL:     7   Next: 27%
Magic:  17/17      EV:  6    Int: 11    God:    Makhleb [......]
Gold:   203        SH: 15    Dex: 21    Spells: 6/6 levels left

rFire   . . .        f - +0 hand axe (flame)
rCold   + + .        c - +0 tower shield
rNeg    + + +        b - +0 scale mail
rPois   ∞            i - +0 helmet
rElec   .            (no cloak)
rCorr   .            (no gloves)
SInv    +            (no boots)
Will    .....        (no amulet)
Stlth   +++          r - ring of magical power
HPRegen 0.00/turn    x - +6 ring of dexterity
MPRegen 0.15/turn

%: no passive effects
@: bloodless, inhibited regen
A: bloodless, fangs 3, see invisible, vampiric 2
a: Bat Form, Revivify, Renounce Religion


You were on level 5 of the Dungeon.
You worshipped Makhleb.
Makhleb was noncommittal.
You visited 2 branches of the dungeon, and saw 6 of its levels.

You collected 203 gold pieces.

Inventory:

Hand Weapons
 e - a +2 vampiric dagger
 f - a +0 hand axe of flaming (weapon)
 q - a +1 quick blade of draining
 v - a +0 war axe
Missiles
 a - 12 stones
 j - 3 boomerangs
 s - 2 poisoned darts (quivered)
Armour
 b - a +0 scale mail (worn)
 c - a +0 tower shield (worn)
 i - a +0 helmet (worn)
Jewellery
 r - a ring of magical power (left hand)
 x - a +6 ring of dexterity (right hand)
Wands
 z - a wand of paralysis (8)
Scrolls
 k - a scroll of blinking {unknown}
 m - 2 scrolls of identify {unknown}
 n - a scroll of summoning {unknown}
 o - 2 scrolls of magic mapping {unknown}
 t - 2 scrolls of teleportation {unknown}
 y - a scroll of amnesia {unknown}
 A - a scroll of fog {unknown}
 B - a scroll of torment {unknown}
Potions
 d - a potion of might
 g - a potion of resistance {unknown}
 h - 3 potions of curing {unknown}
 l - a potion of invisibility {unknown}
 p - 3 potions of flight {unknown}
 u - a potion of berserk rage {unknown}
 w - 2 potions of heal wounds {unknown}


   Skills:
 + Level 3.6 Fighting
 + Level 3.9 Short Blades
 * Level 1.7 Axes
 * Level 2.2 Throwing
 + Level 3.4 Armour
 + Level 1.3 Dodging
 + Level 3.1 Stealth
 + Level 3.8 Shields
 * Level 1.7 Invocations
 * Level 0.4 Evocations


You had 6 spell levels left.
You didn't know any spells.
Your spell library contained the following spells:

 Spells                   Type           Power      Damage    Failure   Level
 Frozen Ramparts          Ice            0%         1d1       100%        3
 Ice Form                 Ice/Tmut       0%         N/A       100%        4
 Summon Ice Beast         Ice/Summ       0%         N/A       100%        4


Dungeon Overview and Level Annotations

Branches:
Dungeon (5/15)             Temple (1/1) D:4

Altars:
Dithmenos
Fedhas
Gozag
Hepliaklqana
Makhleb
Qazlal
Wu Jian


Innate Abilities, Weirdness & Mutations

You do not regenerate when monsters are visible.
You are frail without blood (-20% HP).
You can heal yourself when you bite living creatures.
You are immune to poison.
You have razor-sharp teeth.
You have supernaturally acute eyesight. (SInv)
You are afflicted with vampirism and can become a bat while bloodless.


Message History

You feel better.
The hound is moderately wounded.
You block the hound's attack. The hound closely misses you.
You closely miss the hound.
The hound is moderately wounded.
You block the hound's attack. x2
You barely miss the hound.
The hound is moderately wounded.
The hound bites you but does no damage. You block the hound's attack.
The iguana hisses menacingly.
The hound bites you but does no damage.
You hit the hound. You burn the hound.
The hound is heavily wounded.
You block the hound's attack. The hound bites you but does no damage.
You hit the hound. You burn the hound.
The hound is severely wounded.
You block the hound's attack. The hound barely misses you.
You hit the hound. You burn the hound.
The hound is almost dead.
You block the hound's attack. The hound bites you but does no damage.
You block the hound's attack.
You hit the hound. You burn the hound.
You kill the hound!
Makhleb accepts your kill. The adder barely misses you.
You miss the adder. You block the adder's attack.
The adder bites you but does no damage.
You hit the adder. You burn the adder. Your bite misses the adder.
The adder is moderately wounded.
You block the adder's attack. The adder barely misses you.
You block the adder's attack.
You hit the adder. You burn the adder. You bite the adder.
You kill the adder!
Makhleb accepts your kill.
You hit the iguana but do no damage. The iguana bites you! x2
* * * LOW HITPOINT WARNING * * *
You hit the iguana. You burn the iguana.
The iguana is heavily wounded.
The iguana bites you.
You die...

#......†......+
#.............#####
#.............#...#
#.............#...#
#.............'...#
#.............#...#
#####.........#)..#
##### #.........#...#
.....
#..<......#@..#......
#.........#l###......
#....................
#....................
#........(...........
#..............######
#..............#
#..............#
#...<..........#


You could see an iguana.

Vanquished Creatures
  Sigmund (D:4)
  2 black bears (D:4)
  A scorpion (D:4)
  2 hounds (D:5)
  An iguana (D:4)
  7 adders
  An ufetubus (D:4)
  3 worms
  6 orcs
  4 bats
  9 endoplasms
  A giant cockroach (D:1)
  12 goblins
  7 hobgoblins
  11 jackals
  3 kobolds
  3 quokkas (D:4)
  6 ball pythons
  3 frilled lizards
  4 rats
87 creatures vanquished.

Notes
Turn   | Place    | Note
-------+----------+-------------------------------------------
     0 | D:1      | Kazon the Vampire Fighter began the quest for the Orb.
     0 | D:1      | Reached XP level 1. HP: 17/17 MP: 1/1
    50 | D:1      | Identified a scroll of acquirement
    50 | D:1      | Acquired a +1 quick blade of draining
    98 | D:1      | Reached XP level 2. HP: 18/18 MP: 2/2
   427 | D:1      | Gained mutation: You are afflicted with vampirism and can
                  | become a bat while bloodless. [Vampire growth]
   427 | D:1      | Reached XP level 3. HP: 19/23 MP: 3/3
   659 | D:1      | Reached skill level 1 in Stealth
  1077 | D:2      | Reached XP level 4. HP: 24/28 MP: 4/4
  1329 | D:2      | Reached skill level 1 in Throwing
  1681 | D:3      | Found a blossoming altar of Fedhas.
  1863 | D:3      | Found a stormy altar of Qazlal.
  2015 | D:3      | Identified the +2 sling "Qeuhanocyt" {speed, rElec Str-3
                  | Dex+2}
  2034 | D:3      | Found a faded altar of an unknown god.
  2120 | D:4      | Found a staircase to the Ecumenical Temple.
  2129 | Temple   | Entered the Ecumenical Temple
  2145 | Temple   | Became a worshipper of Makhleb the Destroyer
  2231 | D:4      | Noticed a black bear
  2254 | D:4      | Killed a black bear
  2255 | D:4      | Reached XP level 5. HP: 31/32 MP: 5/5
  2264 | D:4      | Found a hazy altar of Hepliaklqana.
  2265 | D:4      | Found a shadowy altar of Dithmenos.
  2265 | D:4      | Noticed a shadow
  2287 | D:4      | Noticed Sigmund
  2308 | D:4      | Killed Sigmund
  2309 | D:4      | Reached skill level 1 in Axes
  2309 | D:4      | Reached skill level 1 in Dodging
  2309 | D:4      | Reached skill level 1 in Invocations
  2309 | D:4      | Reached XP level 6. HP: 22/37 MP: 6/6
  2704 | D:4      | Reached XP level 7. HP: 41/41 MP: 8/8
  2923 | D:5      | Entered Level 5 of the Dungeon
  3000 | D:5      | Slain by an iguana

Illustrated notes

Levels and vault maps discovered:
D:1:      ebering_trefoil_3fold, layout_basic, st_stairs_14, serial_bayou_ford_a
D:2:      layout_basic, hangedman_decor_growths, minmay_close_crescents
D:3:      layout_rooms, mainiacjoe_overflow_concentric_impassable,
          mainiacjoe_overflow_paths, shapermc_ecumenical_altar_acropolis,
          chequers_serial_rivers_micro_b
D:4:      layout_basic, riverfiend_overflow_shadow_ancestor,
          minmay_temple_entry_glass, uniq_sigmund
D:5:      layout_gridville
Temple:   nicolae_temple_elliptical

Skill      XL: |  1  2  3  4  5  6  7 |
---------------+----------------------+-----
Fighting       | 3 |  3.6
Stealth        | 1 2 3 |  3.1
Shields        | 3 |  3.8
Throwing       | 1 2 |  2.2
Short Blades   | 3 |  3.9
Armour         | 3 |  3.4
Axes           | 1 |  1.7
Dodging        | 1 |  1.3
Invocations    | 1 |  1.7
Evocations     | |  0.4

Action                     |  1- 3 |  4- 6 |  7- 9 || total
---------------------------+-------+-------+-------++-------
  Melee: Rapier            |    25 |       |       ||    25
         Quick blade       |    99 |   123 |    13 ||   235
         Bite              |    12 |    16 |     6 ||    34
         Hand axe          |       |       |    21 ||    21
  Throw: Stone             |       |    10 |       ||    10
         Dart              |       |       |     3 ||     3
Ability: Exsanguinate      |     1 |       |       ||     1
    Use: Scroll            |     2 |       |       ||     2
         Potion            |     1 |       |       ||     1
   Stab: Sleeping          |     4 |     8 |       ||    12
 Armour: Scale mail        |    31 |    36 |    21 ||    88
  Dodge: Dodged            |    14 |    16 |     9 ||    39
  Block: Buckler           |    10 |       |       ||    10
         Tower shield      |    34 |    86 |    40 ||   160
